 Dungeon Crawl Stone Soup version 0.31-a0-536-ga3e2962e35 (webtiles) character file.

Game seed: 9564785412194040563

70 BritishOli the Trooper (level 4, -2/37 HPs)
             Began as a Demonspawn Fighter on Aug 13, 2023.
             Slain by Sigmund
             ... wielding a +0 scythe
              (8 damage)
             ... on level 2 of the Dungeon.
             The game lasted 00:01:51 (1171 turns).

BritishOli the Trooper (Demonspawn Fighter)         Turns: 1171, Time: 00:01:51

Health: -2/37      AC:  6    Str: 18    XL:     4   Next: 4%
Magic:  4/4        EV:  9    Int:  9    God:
Gold:   48         SH:  0    Dex: 13    Spells: 3/3 levels left

rFire   . . .        a - +0 war axe
rCold   . . .        c - +0 buckler
rNeg    . . .        b - +0 scale mail
rPois   .            (no helmet)
rElec   .            (no cloak)
rCorr   .            (no gloves)
SInv    .            (no boots)
Will    .....        (no amulet) Stlth
                     (no ring)
HPRegen 0.26/turn    (no ring)
MPRegen 0.09/turn

%: no passive effects
@: confused
A: hooves 1, demonic guardian 1
a: no special abilities


You were on level 2 of the Dungeon.
You visited 1 branch of the dungeon, and saw 2 of its levels.

You collected 48 gold pieces.

Inventory:

Hand Weapons
 a - a +0 war axe (weapon)
Missiles
 i - a throwing net
Armour
 b - a +0 scale mail (worn)
 c - a +0 buckler (worn)
Scrolls
 f - 3 scrolls of teleportation {unknown}
 g - a scroll of torment {unknown}
 k - a scroll of blinking {unknown}
Potions
 d - a potion of might
 e - a potion of berserk rage {unknown}
 h - a potion of attraction {unknown}
 j - a potion of heal wounds {unknown}
 l - a potion of curing {unknown}


   Skills:
 + Level 3.8 Fighting
 + Level 2.8 Axes
 - Level 3.0 Armour
 - Level 3.0 Shields


You had 3 spell levels left.
You didn't know any spells.
Your spell library contained the following spells:

 Spells                   Type           Power      Damage    Failure   Level
 Inner Flame              Hex/Fire       0%         N/A       99%         3
 Flame Wave               Conj/Fire      0%         2d4       100%        4
 Sticky Flame             Conj/Fire      0%         2d3       100%        4


Dungeon Overview and Level Annotations

Branches:
Dungeon (2/15)

Altars:

Shops:
D:2 !

Annotations:
D:2 Sigmund


Innate Abilities, Weirdness & Mutations

You have large cloven feet.
A weak demonic guardian rushes to your aid.


Message History

Your quasit bites Sigmund.
Your quasit claws Sigmund but does no damage.
Your quasit closely misses Sigmund.
Your quasit bites Sigmund but does no damage.
Your quasit barely misses Sigmund.
Your quasit misses Sigmund.
Sigmund mumbles some strange words.
Sigmund flickers and vanishes!
Deactivating autopickup; reactivate with Ctrl-A.
A magic dart appears from out of thin air!
The magic dart hits your quasit.
You hear some strange, mumbled words.
Your quasit resists with significant effort.
Something closely misses your quasit.
You feel less confused. Something misses your quasit.
You swap places.
You hear some strange, mumbled words.
Something tries to affect you, but you resist.
Things that are here:
a +0 club; a goblin corpse You hit something.
Your kick misses something.
You hear some strange, mumbled words.
Something tries to affect you, but you resist.
You hear some strange, mumbled words.
Something tries to affect you, but you resist.
You hear some strange, mumbled words.
A puff of flame appears from out of thin air!
The puff of flame hits you!
You hear some strange, mumbled words.
You are confused.
Your quasit disappears in a puff of smoke!
Something hits you!
* * * LOW HITPOINT WARNING * * *
Things that are here:
a +0 club; a goblin corpse You miss something.
Your kick misses something. Something hits you.
* * * LOW HITPOINT WARNING * * *
A demonic guardian appears!
You bump into the rock wall.
Something hits you!
You die...

##################
#5................
#@################
#{# # #l# # #.. #
### # # # # #


You could see a frilled lizard (ally target) and a friendly ufetubus (summoned).

Vanquished Creatures
  A gnoll (D:1)
  3 dart slugs
  4 bats
  3 endoplasms
  A giant cockroach (D:1)
  3 goblins
  2 hobgoblins (D:1)
  4 jackals (D:1)
  2 quokkas (D:1)
  A ball python (D:1)
  2 frilled lizards (D:1)
  A kobold (D:1)
  7 rats (D:1)
34 creatures vanquished.

Vanquished Creatures (collateral kills)
  2 gnolls (D:2)
2 creatures vanquished.

Vanquished Creatures (others)
  A ball python (D:1)
1 creature vanquished.

Grand Total: 37 creatures vanquished

Notes
Turn   | Place    | Note
-------+----------+-------------------------------------------
     0 | D:1      | BritishOli the Demonspawn Fighter began the quest for the
                  | Orb.
     0 | D:1      | Reached XP level 1. HP: 18/18 MP: 1/1
    68 | D:1      | Gained mutation: You have large cloven feet. [demonic
                  | ancestry]
    68 | D:1      | Reached XP level 2. HP: 24/24 MP: 2/2
   395 | D:1      | Gained mutation: A weak demonic guardian rushes to your
                  | aid. [demonic ancestry]
   395 | D:1      | Reached XP level 3. HP: 29/29 MP: 3/3
   885 | D:2      | Found Fauzatub's Distillery.
   984 | D:1      | Reached XP level 4. HP: 12/37 MP: 4/4
  1148 | D:2      | Noticed Sigmund
  1171 | D:2      | Slain by Sigmund

Illustrated notes

Levels and vault maps discovered:
D:1:      reono_arrival_mine, layout_basic
D:2:      layout_basic, serial_shops, nicolae_shop_peninsula, basic_altar,
          uniq_sigmund

Skill      XL: |  1  2 |
---------------+-------+-----
Axes           | 2 |  2.8
Armour         | 3 |  3.0
Shields        | 3 |  3.0
Fighting       | |  3.8

Action                     |  1- 3 |  4- 6 || total
---------------------------+-------+-------++-------
  Melee: War axe           |    78 |    10 ||    88
         Kick              |    16 |     1 ||    17
 Armour: Scale mail        |    30 |       ||    30
  Dodge: Dodged            |    36 |     3 ||    39
  Block: Buckler           |    13 |     1 ||    14

Table legend: (Time is in decaauts)
 A = Elapsed time spent in this place.
 B = Non-inter-level travel time spent in this place.
 C = Inter-level travel time spent in this place.
 D = Time resting spent in this place.
 E = Time spent auto-exploring this place.
 F = Levels seen in this place.
 G = Mean time per level.
                   A        B        C        D        E       F      G
               +--------+--------+--------+--------+--------+-----+--------+
         Total |   1210 |   1191 |     19 |     96 |    797 |   2 |  605.0 |
       Dungeon |   1210 |   1191 |     19 |     96 |    797 |   2 |  605.0 |
               +--------+--------+--------+--------+--------+-----+--------+

Top non-repeatable levels by time:
     D:1: 929 daAuts
     D:2: 281 daAuts
